 Dungeon Crawl Stone Soup version 0.27-a0-1026-gbab068f60c (webtiles) character file.

Game seed: 578966375737425795

492 Morbidden the Grave Robber (level 6, -1/52 HPs)
             Began as a Deep Dwarf Necromancer on Apr 17, 2021.
             Slain by an adder (3 damage)
             ... on level 4 of the Dungeon.
             The game lasted 00:08:57 (3979 turns).

Morbidden the Grave Robber (Deep Dwarf Necromancer) Turns: 3979, Time: 00:08:58

Health: -1/52      AC:  4    Str: 17    XL:     6   Next: 91%
Magic:  2/12       EV: 12    Int: 18    God:
Gold:   123        SH:  0    Dex: 13    Spells: 9/13 levels left

rFire    . . .     SeeInvis .   v - +1 short sword (vamp)
rCold    . . .     Faith    .   (no shield)
rNeg     . . .     Spirit   .   h - +0 robe
rPois    .         Reflect  .   t - +0 helmet
rElec    .         Harm     .   s - +0 cloak
rCorr    .         Rampage  .   (no gloves)
Will     .....                  (no boots)
Stlth    ++........             (no amulet)
HPRegen  0.00/turn              c - +6 ring of strength
MPRegen  0.13/turn              (no ring)

@: lethally poisoned (-1 -> -1), non-regenerating
A: damage resistance, heal wounds, sense surroundings 1, no regeneration
a: Heal Wounds


You were on level 4 of the Dungeon.
You visited 1 branch of the dungeon, and saw 4 of its levels.

You collected 123 gold pieces.

Inventory:

Hand Weapons
 a - a +2 dagger of protection
 b - a +5 short sword
 f - a +0 hunting sling
 j - a +0 scimitar of flaming
 v - a +1 vampiric short sword (weapon)
Missiles
 g - 195 stones
Armour
 h - a +0 robe (worn)
 s - a +0 cloak (worn)
 t - a +0 helmet (worn)
Jewellery
 c - a +6 ring of strength (left hand)
Wands
 d - a wand of mindburst (2)
Scrolls
 k - a scroll of fear
 u - 3 scrolls of identify
 w - 2 scrolls of enchant weapon
Potions
 i - 2 potions of attraction
 o - 2 potions of flight


   Skills:
 * Level 1.6 Fighting
 + Level 1.7 Short Blades
 + Level 2.9 Dodging
 + Level 3.0 Stealth
 * Level 4.0 Spellcasting
 * Level 6.5 Necromancy


You had 9 spell levels left.
You knew the following spells:

 Your Spells              Type           Power      Damage    Failure   Level
a - Pain                  Necr           100%       1d9       1%          1
b - Vampiric Draining     Necr           13%        2d7       3%          3

Your spell library contained the following spells:

 Spells                   Type           Power      Damage    Failure   Level
 Animate Skeleton         Necr           54%        N/A       1%          1
 Animate Dead             Necr           13%        N/A       10%         4
 Agony                    Necr           27%        N/A       28%         5


Dungeon Overview and Level Annotations

Branches:
Dungeon (4/15)
 Temple: D:4-7

Altars:
Kikubaaqudgha

Annotations:
D:4 Eustachio


Innate Abilities, Weirdness & Mutations

You are resistant to damage.
You can heal yourself by infusing magical energy.
You passively map a small area around you.
You do not regenerate.


Message History

Unknown command.
Casting: Vampiric Draining (dangerous; 3% risk of failure)
Confirm with . or Enter, or press ? or * to list all spells.
Aiming: Vampiric Draining (dangerous; 3% risk of failure)
Press: ? - help, Shift-Dir - straight line, f/p - Eustachio
Aim: Eustachio, wielding a +0 falchion, wearing a +3 leather armour of positive energy and carrying a wand of flame (16) (moderately wounded)
You draw life force from Eustachio.
You feel life coursing into your body.
Eustachio casts a spell.
Eustachio blinks!
The crimson imp hits you.
* * * LOW HITPOINT WARNING * * *
Unknown command.
As you read the scroll of teleportation, it crumbles to dust.
You feel strangely unstable. The ufetubus barely misses you.
The ufetubus closely misses you.
The crimson imp hits you but does no damage.
Eustachio zaps a wand.
The puff of flame hits you.
* * * LOW HITPOINT WARNING * * *
The crimson imp hits you but does no damage.
Your surroundings suddenly seem different. 3 adders come into view.
The adder hisses angrily. x2
Unknown command.
Aiming: Mindburst
Press: ? - help, Shift-Dir - straight line, f - adder
Aim: an adder (chance to affect: 73%)
The adder struggles to resist.
The adder bites you.
* * * LOW HITPOINT WARNING * * *
Unknown command.
Unknown command.
You completely miss the adder. The adder bites you.
Unknown command.
You closely miss the adder. The adder bites you. The adder closely misses you.
You barely miss the adder. The adder bites you.
* * * LOW HITPOINT WARNING * * *
You are poisoned.
The adder poisons you! The adder barely misses you.
The adder closely misses you.
Unknown command.
You closely miss the adder. The adder closely misses you. The adder bites you.
You die...

.,,,,,,,,* #.P≈≈.≈≈≈≈≈≈≈,**
,,,*,,,,,* *...≈≈≈≈≈≈≈≈≈,,*
,***,,,,,* *#..P≈≈≈≈≈≈≈≈,,*
***,,,,,** #...≈≈≈≈≈≈≈S,,** *
*,,>,,** #....≈≈≈≈≈≈.,,,*
**,,,,,,* #.P..P≈≈≈≈P.,,,****
*,,,,*,,#####P.....≈≈...,*,,,,*
*,,,**,,......SS..P.....,*,,,**
**,,,*,,,.......@..######**,***
*,,,,,,,,......##### *,,*
*,,,,,,,,.....#* *,**
**,,,,,,,...##* ***
*****,,,.#** ******


You could see 2 adders.

Vanquished Creatures
  Sigmund (D:4)
  An ogre (D:4)
  Blork the orc (D:4)
  A hound (D:4)
  An iguana (D:4)
  A hound skeleton (D:4)
  Robin (D:2)
  2 adders
  A worm (D:2)
  2 dart slugs
  2 orcs (D:4)
  6 bats
  13 endoplasms
  3 giant cockroaches
  15 goblins
  3 hobgoblins
  4 jackals (D:1)
  A quokka (D:1)
  2 ball pythons
  3 frilled lizards
  6 kobolds
  4 rats
74 creatures vanquished.

Vanquished Creatures (others)
  A withered plant (D:4)
1 creature vanquished.

Grand Total: 75 creatures vanquished

Notes
Turn   | Place    | Note
-------+----------+-------------------------------------------
     0 | D:1      | Morbidden the Deep Dwarf Necromancer began the quest for
                  | the Orb.
     0 | D:1      | Reached XP level 1. HP: 15/15 MP: 3/3
   216 | D:2      | Reached XP level 2. HP: 2/22 MP: 0/5
   340 | D:1      | Reached skill level 5 in Necromancy
   485 | D:1      | Reached XP level 3. HP: 27/28 MP: 0/6
   709 | D:1      | Learned a level 3 spell: Vampiric Draining
  1270 | D:1      | Found a faded altar of an unknown god.
  1664 | D:2      | Noticed Robin
  2076 | D:2      | Reached XP level 4. HP: 36/36 MP: 3/7
  2386 | D:2      | Killed Robin
  3221 | D:4      | Noticed Blork the orc
  3330 | D:4      | Noticed Sigmund
  3330 | D:4      | Noticed Eustachio
  3484 | D:4      | Reached XP level 5. HP: 37/43 MP: 5/9
  3497 | D:4      | Killed Sigmund
  3498 | D:4      | Reached skill level 1 in Fighting
  3498 | D:4      | Reached skill level 1 in Short Blades
  3498 | D:4      | Reached skill level 6 in Necromancy
  3498 | D:4      | Reached XP level 6. HP: 33/51 MP: 0/11
  3596 | D:4      | Found an ancient bone altar of Kikubaaqudgha.
  3671 | D:4      | Killed Blork the orc
  3978 | D:4      | HP: 2/52 [adder (3)]
  3979 | D:4      | Slain by an adder

Illustrated notes

Levels and vault maps discovered:
D:1:      dpeg_arrival_stonehenge_12_columns, layout_basic,
          hellmonk_ecumenical_altar_leap_of_faith, minmay_heptomino_h4
D:2:      layout_loops_ring, uniq_robin
D:3:      layout_loops_ring
D:4:      minmay_general_purpose_star, layout_cave_pods,
          kiku_gazebo_garden_becter, guppyfry_early_lair_pool, uniq_sigmund,
          uniq_blork_the_orc, uniq_eustachio

Skill      XL: |  1  2  3  4  5  6 |
---------------+-------------------+-----
Spellcasting   | 2 3 4 |  4.0
Necromancy     | 5 6 |  6.5
Fighting       | 1 |  1.6
Short Blades   | 1 |  1.7
Stealth        | 3 |  3.0
Dodging        | |  2.9

Action                   |  1- 3 |  4- 6 || total
-------------------------+-------+-------++-------
Melee: Dagger            |    27 |       ||    27
       Short sword       |       |    98 ||    98
 Cast: Pain              |    77 |     9 ||    86
       Vampiric Draining |     6 |    19 ||    25
Evoke: Wand              |       |     1 ||     1
  Use: Potion            |     1 |     7 ||     8
       Scroll            |       |    11 ||    11
 Stab: Sleeping          |       |     3 ||     3
       Invisible         |       |     3 ||     3
Armor: Robe              |     8 |    36 ||    44
Dodge: Dodged            |    38 |   103 ||   141

Table legend: (Time is in decaauts)
 A = Elapsed time spent in this place.
 B = Non-inter-level travel time spent in this place.
 C = Inter-level travel time spent in this place.
 D = Time resting spent in this place.
 E = Time spent auto-exploring this place.
 F = Levels seen in this place.
 G = Mean time per level.
                   A        B        C        D        E       F      G
               +--------+--------+--------+--------+--------+-----+--------+
         Total |   3987 |   3784 |    203 |     26 |   2998 |   4 |  996.8 |
       Dungeon |   3987 |   3784 |    203 |     26 |   2998 |   4 |  996.8 |
               +--------+--------+--------+--------+--------+-----+--------+

Top non-repeatable levels by time:
     D:1: 1361 daAuts
     D:2: 1177 daAuts
     D:4: 729 daAuts
     D:3: 718 daAuts
